 Dungeon Crawl Stone Soup version 0.31-a0-188-g5e087ee2ca (webtiles) character file.

Game seed: 7988795563978117577

205 qw the Skirmisher (level 5, -1/30 HPs)
             Began as a Deep Elf Hunter on June 23, 2023.
             Was an Initiate of Okawaru.
             Slain by a gnoll
             ... wielding a +0 heavy spear
             ... led by a gnoll bouda
              (9 damage)
             ... on level 4 of the Dungeon.
             The game lasted 00:01:06 (2593 turns).

qw the Skirmisher (Deep Elf Hunter)                 Turns: 2593, Time: 00:01:06

Health: -1/30      AC:  7    Str: 10    XL:     5   Next: 53%
Magic:  7/7        EV: 11    Int: 14    God:    Okawaru [......]
Gold:   131        SH:  0    Dex: 18    Spells: 4/4 levels left

rFire   . . .        Y - +1 shortbow
rCold   . . .        (shield currently unavailable)
rNeg    . . .        l - +0 ring mail
rPois   .            (no helmet)
rElec   .            (no cloak)
rCorr   +            f - +1 pair of gloves
SInv    .            (no boots)
Will    .....        (no amulet)
Stlth   +            a - ring of resist corrosion
HPRegen 0.25/turn    (no ring)
MPRegen 0.10/turn

%: no passive effects
@: no status effects
A: no striking features
a: Renounce Religion


You were on level 4 of the Dungeon.
You worshipped Okawaru.
Okawaru was noncommittal.
You visited 1 branch of the dungeon, and saw 4 of its levels.

You collected 175 gold pieces.
You spent 44 gold pieces at shops.


   Skills:
 + Level 1.8 Fighting
 - Level 9.0 Ranged Weapons
 - Level 2.4 Dodging
 - Level 1.2 Stealth


You had 4 spell levels left.
You didn't know any spells.
Your spell library was empty.

Inventory:

Hand Weapons
 Y - a +1 shortbow (weapon)
Armour
 f - a +1 pair of gloves (worn)
 l - a +0 ring mail (worn)
Jewellery
 a - a ring of resist corrosion (left hand)
Scrolls
 c - 2 scrolls of identify
 h - 3 scrolls of teleportation
Potions
 b - a potion of ambrosia {unknown}
 d - a potion of cancellation {unknown}
 e - a potion of attraction {unknown}
 g - a potion of heal wounds {unknown}
 i - a potion of resistance
 j - a potion of invisibility {unknown}

Dungeon Overview and Level Annotations

Branches:
Dungeon (4/15)
 Temple: D:4-7

Altars:
Okawaru

Shops:
D:2 *

Annotations:
D:2 1 runed translucent door, Crazy Yiuf


Message History

You shoot an arrow. The gnoll shouts!
The arrow hits the gnoll!
The gnoll is severely wounded.
You hear a shout!
An orc comes into view. It is wielding a +0 club.
A gnoll bouda comes into view.
It is wielding a +0 whip and wearing a +2 robe of cold resistance.
You shoot an arrow. The gnoll bouda shouts!
The arrow hits the gnoll but does no damage.
The gnoll is severely wounded.
The gnoll hits you with a +0 flail.
The gnoll bouda barks out a call to the hunt!
The gnolls pick up the pace!
You shoot an arrow. The arrow barely misses the gnoll.
The arrow barely misses the orc.
An orc comes into view. It is wielding a +0 falchion.
The gnoll misses you.
You shoot an arrow. The arrow closely misses the gnoll.
The arrow closely misses the orc.
The orc shouts!
The gnoll hits you with a +0 flail. The gnoll hits you but does no damage.
The gnoll hits you with a +0 flail!
You shoot an arrow. The arrow hits the gnoll!
You kill the gnoll!
Okawaru accepts your kill. The gnoll closely misses you.
You shoot an arrow. The arrow hits the orc.
The orc is severely wounded.
The gnoll barely misses you. The orc hits you with a +0 whip.
You shoot an arrow. The arrow hits the orc!
You kill the orc!
Okawaru accepts your kill.
The gnoll hits you from afar with a +0 spear.
You shoot an arrow. The arrow hits the gnoll.
The gnoll is heavily wounded.
The gnoll hits you from afar with a +0 spear.
The gnoll barely misses you.
The gnoll hits you from afar with a +0 heavy spear!
You die...

.. #....## ##.# ##.....#
#..# #....... #..#
#....... ##.# ##.....>.
##..# #........ ####...#
#........
####......###........
#ggg@..##.##.........
.)...gg######..#.........
...o.## #..##.......|
.... ##..#........ ...
#..##....... g. #
##.###...... .
....#..###.....
................
................


You could see a gnoll bouda, 4 gnolls and an orc.

Vanquished Creatures
  A hound (D:4)
  2 gnolls (D:4)
  7 adders
  2 worms (D:2)
  3 dart slugs
  5 orcs
  6 ball pythons
  8 bats
  11 endoplasms
  A giant cockroach (D:3)
  7 goblins
  3 hobgoblins
  4 jackals (D:1)
  7 kobolds
  2 quokkas
  3 frilled lizards
  9 rats
81 creatures vanquished.

Notes
Turn   | Place    | Note
-------+----------+-------------------------------------------
     0 | D:1      | qw the Deep Elf Hunter began the quest for the Orb.
     0 | D:1      | Reached XP level 1. HP: 12/12 MP: 3/3
     0 | D:1      | 0 ||| qw: Version: 0.3-a-9-g12657ce
     0 | D:1      | 0 ||| qw: Game counter: 3234
     0 | D:1      | 0 ||| qw: Always use a shield: true
     0 | D:1      | 0 ||| qw: God list: Okawaru
     0 | D:1      | 0 ||| qw: Allow faded altars: false
     0 | D:1      | 0 ||| qw: Do Orc after D:15 true
     0 | D:1      | 0 ||| qw: Do second Lair branch before Depths: true
     0 | D:1      | 0 ||| qw: Lair rune preference: random
     0 | D:1      | 0 ||| qw: Plans: Normal
     0 | D:1      | 0 ||| PLANNING D:1-11
   100 | D:1      | Reached XP level 2. HP: 16/16 MP: 4/4
   104 | D:1      | Reached skill level 6 in Ranged Weapons
   563 | D:1      | 563 ||| UPGRADING to +0 scale mail.
   573 | D:1      | 573 ||| DROPPING +0 leather armour.
   574 | D:1      | 574 ||| UPGRADING to +1 pair of gloves.
   579 | D:1      | 579 ||| READING scroll labelled MOKHOE FIJ KAREE.
   580 | D:1      | 580 ||| READING scroll labelled XAFIJO SOYRCHOY.
   581 | D:1      | 581 ||| READING scroll labelled RIMOPU OCVAPP.
   582 | D:1      | 582 ||| READING 2 scrolls labelled AQEWEL GEIGH.
   583 | D:1      | 583 ||| READING scroll labelled ZEUHAQ ASTRAROA.
   584 | D:1      | 584 ||| DROPPING scroll of butterflies.
   585 | D:1      | 585 ||| DROPPING scroll of blinking.
   619 | D:2      | Reached XP level 3. HP: 16/20 MP: 5/5
   651 | D:2      | Found Umuviz's Assorted Antiques.
   659 | D:2      | 659 ||| BUYING fuming yellow potion (22 gold).
   659 | D:2      | Bought a fuming yellow potion for 22 gold pieces
   659 | D:2      | 659 ||| SHOPLISTING longbow (162 gold, have 24).
   659 | D:2      | 659 ||| BUYING pink potion (22 gold).
   659 | D:2      | Bought a pink potion for 22 gold pieces
   659 | D:2      | 659 ||| SHOPLISTING red potion (22 gold, have 2).
   659 | D:2      | 659 ||| SHOPLISTING sapphire ring (125 gold, have 2).
   777 | D:2      | Reached skill level 7 in Ranged Weapons
  1174 | D:2      | Reached XP level 4. HP: 25/25 MP: 6/6
  1261 | D:2      | Found a runed translucent door.
  1262 | D:2      | Noticed Crazy Yiuf
  1474 | D:2      | 1474 ||| UPGRADING to +0 ring mail.
  1484 | D:2      | 1484 ||| DROPPING +0 scale mail.
  1485 | D:2      | 1485 ||| READING scroll labelled EXONGIHATZE.
  1486 | D:2      | 1486 ||| READING scroll labelled QOIP TAOXTY.
  1587 | D:2      | 1587 ||| READING scroll labelled XIJERH GUIRI.
  1588 | D:2      | 1588 ||| READING 2 scrolls of identify.
  1588 | D:2      | 1588 ||| IDENTIFYING fuming yellow potion
  1589 | D:2      | 1589 ||| DROPPING potion of magic.
  1842 | D:3      | Reached skill level 8 in Ranged Weapons
  1876 | D:3      | Found a faded altar of an unknown god.
  2156 | D:3      | 2156 ||| READING scroll labelled INWE QECOMNECA.
  2157 | D:3      | 2157 ||| DRINKING 2 murky black potions.
  2158 | D:3      | 2158 ||| READING 2 scrolls of identify.
  2158 | D:3      | 2158 ||| IDENTIFYING pink potion
  2159 | D:3      | 2159 ||| DROPPING potion of lignification.
  2196 | D:4      | 2196 ||| FLEEEEING.
  2198 | D:4      | 2198 ||| FLEEEEING.
  2199 | D:4      | 2199 ||| FLEEEEING.
  2201 | D:4      | 2201 ||| STAIRDANCE
  2320 | D:4      | Reached XP level 5. HP: 29/29 MP: 7/7
  2383 | D:4      | Found an iron altar of Okawaru.
  2384 | D:4      | 2384 ||| PLANNING OKAWARU WORSHIP
  2384 | D:4      | 2384 ||| UPGRADING to ring of resist corrosion.
  2392 | D:4      | Became a worshipper of Warmaster Okawaru
  2393 | D:4      | 2393 ||| PLANNING D:1-11
  2582 | D:4      | Reached skill level 9 in Ranged Weapons
  2583 | D:4      | 2583 ||| Stepping ~*~*~tactically~*~*~ (outnumbered).
  2593 | D:4      | Slain by a gnoll

Levels and vault maps discovered:
D:1:      amcnicky_arrival_choice, layout_loops_ring
D:2:      layout_loops_ring, serial_shops, nicolae_square_shop,
          uniq_crazy_yiuf_cottage
D:3:      layout_basic, dreamdust_ecumenical_altar_grove
D:4:      kennysheep_goblin_castle, layout_cave_pods, mainiacjoe_overflow_paths,
          minmay_between, uniq_eustachio

Skill      XL: |  1  2  3  4  5 |
---------------+----------------+-----
Ranged Weapons | 6 7 8 9 |  9.0
Fighting       | |  1.8
Dodging        | |  2.4
Stealth        | |  1.2

Action                     |  1- 3 |  4- 6 || total
---------------------------+-------+-------++-------
   Fire: Shortbow          |   135 |   107 ||   242
    Use: Scroll            |     5 |     6 ||    11
         Potion            |       |     1 ||     1
 Armour: Leather armour    |     4 |       ||     4
         Scale mail        |    30 |     6 ||    36
         Ring mail         |       |    21 ||    21
  Dodge: Dodged            |    43 |    23 ||    66

Table legend:
 A = Non-vault XP
 B = Vault XP
 C = Vault XP percentage of total XP
 D = Non-vault monster count
 E = Vault monster count
 F = Vault count percentage of total count
                 A         B        C        D         E       F
            +---------+---------+-------+---------+---------+-------
      Total |     280 |      14 |   4.8 |      80 |       1 |   1.2
            +---------+---------+-------+---------+---------+-------
        D:1 |      37 |       0 |   0.0 |      21 |       0 |   0.0
        D:2 |      81 |       0 |   0.0 |      26 |       0 |   0.0
        D:3 |      44 |       0 |   0.0 |      19 |       0 |   0.0
        D:4 |     118 |      14 |  10.6 |      14 |       1 |   6.7
            +---------+---------+-------+---------+---------+-------
